Map: King Sejong Station LE

Players

ShoWTimE - Winner!

  • Race: Protoss Protoss

MaSa

  • Race: Terran Terran

Event: IEM Season 11 - Shanghai

VOD

Have the link to the VOD?

Description

Time

  • Played on: July 28, 2016, 11 a.m.
  • Length: 17:25

All games in this series

Show
View Real Time Build Order
Export as new Build Order

ShoWTimE Protoss - Winner!

Build Orders: 1 Gate Expand 

Get SALT Encoding   

  12  0:00  Probe (Chrono Boost)  
  13  0:11  Probe (Chrono Boost)  
  14  0:17  Pylon  
  14  0:22  Probe (Chrono Boost)  
  15  0:35  Probe (Chrono Boost)  
  16  0:36  Gateway  
  16  0:43  Assimilator  
  16  0:46  Probe (Chrono Boost)  
  17  0:56  Probe (Chrono Boost)  
  18  1:07  Probe (Chrono Boost)  
  19  1:20  Nexus  
  19  1:30  Cybernetics Core  
  19  1:34  Probe (Chrono Boost)  
  20  1:40  Assimilator  
  20  1:44  Probe (Chrono Boost)  
  21  1:50  Pylon  
  21  1:55  Probe (Chrono Boost)  
  22  2:01  Warp Gate  
  22  2:09  Mothership Core (Chrono Boost)  
  24  2:18  Stalker  
  26  2:28  Probe (Chrono Boost)  
  27  2:34  Probe (Chrono Boost)  
  28  2:40  Probe (Chrono Boost)  
  29  2:45  Robotics Facility  
  29  2:46  Probe (Chrono Boost)  
  29  2:48  Stalker  
  31  2:52  Probe (Chrono Boost)  
  31  2:58  Probe (Chrono Boost)  
  34  3:04  Probe (Chrono Boost)  
  35  3:07  Gateway  
  35  3:13  Gateway  
  35  3:16  Stalker  
  35  3:24  Pylon  
  38  3:28  Probe (Chrono Boost)  
  38  3:30  Observer  
  38  3:31  Probe (Chrono Boost)  
  40  3:38  Pylon  
  40  3:40  Probe (Chrono Boost)  
  42  3:43  Probe (Chrono Boost)  
  42  3:48  Warp Prism  
  42  3:52  Probe (Chrono Boost)  
  42  3:55  Probe (Chrono Boost)  
  46  4:05  Probe (Chrono Boost)  
  46  4:07  Probe (Chrono Boost), Stalker x2  
  52  4:12  Stalker  
  55  4:17  Probe (Chrono Boost)  
  55  4:22  Probe (Chrono Boost), Observer  
  56  4:34  Probe x2 (Chrono Boost)  
  56  4:36  Stalker x2  
  62  4:40  Pylon  
  62  4:58  Probe x2 (Chrono Boost), Assimilator  
  62  5:01  Assimilator  
  62  5:05  Pylon  
  60  5:10  Probe x2 (Chrono Boost)  
  63  5:22  Probe x2 (Chrono Boost)  
  63  5:23  Stalker  
  64  5:34  Probe (Chrono Boost)  
  64  5:35  Probe (Chrono Boost)  
  61  5:40  Twilight Council  
  61  5:46  Probe (Chrono Boost)  
  61  5:47  Probe (Chrono Boost)  
  63  5:52  Nexus  
  63  5:53  Pylon  
  64  5:58  Probe (Chrono Boost)  
  64  5:59  Probe (Chrono Boost)  
  65  6:08  Blink  
  65  6:10  Probe (Chrono Boost)  
  67  6:11  Probe (Chrono Boost)  
  67  6:18  Sentry x3  
  67  6:22  Probe (Chrono Boost)  
  67  6:23  Forge  
  67  6:24  Probe (Chrono Boost), Forge  
  75  6:34  Probe (Chrono Boost)  
  75  6:35  Observer, Pylon  
  75  6:36  Probe (Chrono Boost), Pylon  
  78  6:46  Protoss Ground Weapons Level 1, Pylon  
  78  6:47  Probe (Chrono Boost)  
  80  6:48  Probe (Chrono Boost)  
  80  6:49  Protoss Ground Armor Level 1  
  80  6:59  Probe (Chrono Boost)  
  80  7:00  Probe (Chrono Boost)  
  82  7:01  Gateway x2  
  82  7:04  Gateway  
  82  7:05  Probe (Chrono Boost)  
  83  7:10  Gateway  
  83  7:11  Probe (Chrono Boost)  
  83  7:12  Observer  
  83  7:13  Probe (Chrono Boost)  
  83  7:14  Gateway  
  86  7:18  Probe (Chrono Boost)  
  88  7:23  Probe (Chrono Boost)  
  88  7:25  Pylon  
  88  7:32  Adept x3  
  88  7:34  Assimilator  
  88  7:36  Probe x3 (Chrono Boost)  
  97  7:38  Assimilator  
  97  7:40  Observer  
  98  7:48  Probe (Chrono Boost)  
  99  7:51  Probe (Chrono Boost)  
  99  7:52  Probe (Chrono Boost), Adept x3, Pylon  
  99  7:58  Immortal  
  105  7:59  Resonating Glaives  
  105  8:00  Probe (Chrono Boost)  
  105  8:04  Probe x2 (Chrono Boost)  
  112  8:08  Adept x3  
  118  8:15  Adept x3  
  124  8:20  Adept, Pylon  
  126  8:32  Pylon  
  126  8:33  Probe (Chrono Boost)  
  127  8:37  Immortal  
  131  8:43  Nexus  
  131  8:45  Pylon  
  131  8:47  Templar Archives  
  131  8:52  Protoss Ground Weapons Level 2  
  131  8:56  Protoss Ground Armor Level 2  
  131  9:01  Adept x6  
  131  9:02  Adept  
  145  9:03  Adept  
  145  9:17  Pylon  
  145  9:19  Pylon  
  137  9:27  Adept x4  
  137  9:32  Probe x2 (Chrono Boost)  
  137  9:37  Probe (Chrono Boost), Adept  
  137  9:43  Adept x2  
  131  9:47  Psionic Storm  
  131  9:52  Probe x3 (Chrono Boost)  
  126  9:54  Probe (Chrono Boost)  
  127  10:01  High Templar  
  127  10:02  High Templar  
  127  10:04  Probe x3 (Chrono Boost)  
  127  10:05  Probe (Chrono Boost), High Templar x2  
  139  10:16  Probe x3 (Chrono Boost)  
  142  10:24  Warp Prism  
  144  10:29  Photon Cannon  
  144  10:31  Dark Shrine  
  144  10:38  Stalker x2  
  144  10:39  Adept, Stalker x2  
  157  10:43  Probe x3 (Chrono Boost)  
  157  10:44  Probe (Chrono Boost)  
  158  10:55  Adept x3  
  164  11:00  Stalker  
  164  11:03  Stalker x3  
  170  11:17  Stalker x3  
  170  11:18  Stalker  
  175  11:24  Stalker  
  177  11:37  High Templar  
  177  11:38  High Templar x2  
  176  11:55  Dark Templar x2  
  178  12:02  Nexus  
  136  12:45  Pylon  
  136  12:50  Dark Templar  
  130  12:57  Pylon  
  127  12:58  Pylon  
  127  13:00  Pylon  
  111  13:22  Cybernetics Core  
  111  13:24  Gateway  
  111  13:25  Gateway  
  111  13:30  Gateway  
  111  13:32  Probe (Chrono Boost), Gateway  
  111  13:34  Gateway  
  107  13:35  Gateway  
  107  13:38  Gateway  
  107  13:40  Gateway  
  106  13:42  Probe (Chrono Boost), Pylon  
  107  13:53  Probe (Chrono Boost)  
  92  14:00  Gateway  
  92  14:02  Gateway  
  86  14:04  Probe (Chrono Boost)  
  86  14:05  Gateway  
  86  14:06  Gateway  
  86  14:08  Gateway  
  87  14:19  Gateway  
  87  14:20  Robotics Facility  
  87  14:42  Pylon  
  87  14:44  Pylon  
  87  14:50  Pylon  
  87  14:57  Cybernetics Core  
  87  15:09  Immortal  
  87  15:15  Nexus  
  87  15:18  Pylon  
  91  15:29  Pylon  
  91  15:34  Stalker x3  
  96  15:37  Stalker x3  
  102  15:48  Immortal  
  106  16:01  Stalker  
  106  16:02  Adept x3, Stalker x2  
  94  16:25  Sentry x3  
  100  16:26  Adept x3  
  100  16:56  Adept x2, Observer  
  100  16:57  Adept x3  
  109  17:01  Probe (Chrono Boost)  
  109  17:02  Probe (Chrono Boost)  
  103  17:14  Adept  
  103  17:15  Probe (Chrono Boost)  
  86  17:21  Adept x4  
Show
View Real Time Build Order
Export as new Build Order

MaSa Terran 

Build Orders: 1/1/1, Liberator Opening, MMM Bio 

Get SALT Encoding   

  12  0:00  SCV  
  13  0:12  SCV  
  14  0:17  Supply Depot  
  14  0:24  SCV  
  14  0:27  Refinery  
  15  0:38  SCV  
  16  0:44  Barracks  
  16  0:50  SCV  
  17  1:03  SCV  
  18  1:15  SCV  
  19  1:30  Marine  
  19  1:31  Factory, Orbital Command  
  20  1:33  Supply Depot  
  20  1:48  Marine  
  21  1:56  SCV  
  22  2:06  Marine  
  23  2:08  SCV  
  24  2:16  Command Center  
  24  2:19  Widow Mine  
  26  2:28  Starport  
  26  2:31  SCV  
  26  2:33  Marine  
  28  2:39  Supply Depot  
  28  2:43  SCV  
  29  2:48  Hellion  
  31  2:52  Refinery  
  31  3:00  Marine  
  31  3:01  SCV  
  31  3:04  Supply Depot  
  33  3:10  Medivac  
  35  3:16  Hellion  
  35  3:19  SCV  
  38  3:20  Marine  
  38  3:23  Liberator  
  39  3:28  Orbital Command  
  39  3:32  SCV  
  43  3:41  Barracks Reactor  
  43  3:44  SCV  
  44  3:51  Factory Tech Lab  
  44  3:55  SCV  
  45  3:58  Barracks  
  45  4:00  SCV  
  46  4:07  SCV  
  46  4:09  Siege Tank  
  50  4:12  SCV  
  51  4:19  SCV  
  51  4:23  Marine x2  
  46  4:24  SCV  
  46  4:28  Medivac  
  46  4:31  SCV  
  50  4:36  SCV  
  51  4:40  Marine x2  
  51  4:41  Bunker, Refinery  
  51  4:43  SCV  
  51  4:44  Supply Depot  
  54  4:48  Marine  
  54  4:50  Siege Tank  
  54  4:52  SCV  
  59  4:56  SCV  
  59  4:58  Marine  
  61  5:01  Supply Depot  
  55  5:07  Marine x2  
  55  5:11  SCV  
  58  5:16  Marine  
  59  5:22  SCV  
  59  5:26  SCV  
  61  5:29  Liberator  
  61  5:33  Barracks Tech Lab, Marine  
  61  5:34  Siege Tank, SCV  
  62  5:40  Command Center  
  62  5:41  SCV  
  62  5:42  Marine  
  64  5:46  Engineering Bay  
  67  5:51  Bunker  
  67  5:55  Supply Depot, SCV  
  67  5:56  SCV  
  67  6:07  SCV  
  67  6:08  SCV  
  67  6:10  Marine x2  
  71  6:16  Stimpack  
  70  6:19  SCV  
  70  6:20  SCV  
  70  6:21  Missile Turret  
  70  6:23  Marine  
  73  6:27  Marine  
  73  6:28  Terran Infantry Weapons Level 1  
  73  6:32  SCV  
  75  6:33  Marine  
  75  6:34  Siege Tank  
  78  6:40  Marine  
  78  6:41  SCV  
  78  6:44  Missile Turret, SCV  
  78  6:46  Medivac  
  83  6:52  Barracks  
  83  6:53  Barracks, SCV  
  83  6:57  SCV  
  83  7:00  Supply Depot, Marine x2  
  83  7:01  Missile Turret  
  84  7:04  Marine  
  84  7:05  SCV  
  84  7:07  Refinery  
  86  7:12  Supply Depot  
  86  7:16  Barracks, SCV  
  86  7:20  Medivac, SCV  
  86  7:21  Factory Reactor  
  86  7:22  Marine x2  
  89  7:27  Orbital Command  
  90  7:35  Missile Turret, Marine  
  91  7:40  Marine  
  91  7:42  Barracks Reactor  
  91  7:43  Barracks Tech Lab, SCV x2  
  94  7:46  Marine  
  94  7:52  Marine  
  94  7:54  Supply Depot  
  94  7:58  Marine, SCV  
  97  8:03  Marine  
  97  8:05  SCV  
  99  8:08  Factory Reactor  
  99  8:09  Combat Shields, Marauder x2  
  99  8:10  Medivac, Marine  
  106  8:15  Medivac  
  106  8:16  SCV, Marine, Orbital Command  
  110  8:21  Marine  
  110  8:23  Terran Infantry Armor Level 1, SCV  
  110  8:26  Marine x2  
  114  8:29  Marauder  
  114  8:31  SCV  
  114  8:34  Missile Turret, Refinery  
  117  8:35  SCV  
  117  8:36  Liberator  
  117  8:40  Missile Turret, Marine x2  
  120  8:42  SCV  
  120  8:43  SCV  
  120  8:47  Supply Depot  
  122  8:48  Supply Depot  
  122  8:52  Liberator  
  125  8:55  Supply Depot  
  125  9:08  Marine x3, SCV  
  125  9:09  Marauder  
  131  9:12  Marine x2  
  131  9:13  Marauder  
  138  9:21  Armory  
  137  9:26  Marine  
  137  9:30  Marine, Marauder  
  137  9:31  Marauder  
  133  9:33  Marine  
  133  9:34  Marauder  
  120  9:41  Marine  
  120  9:43  SCV  
  120  9:44  Liberator, Marine, SCV  
  123  9:45  SCV  
  123  9:50  Liberator  
  123  9:51  Widow Mine, Marauder  
  123  9:52  Marauder  
  129  9:54  Marine  
  129  9:55  Concussive Shells, Marauder  
  129  9:56  SCV  
  133  10:03  Supply Depot  
  136  10:08  SCV x2  
  140  10:16  Terran Infantry Weapons Level 2  
  140  10:17  SCV  
  140  10:19  Marauder  
  140  10:20  SCV x2  
  143  10:24  Widow Mine x2  
  147  10:29  Marauder  
  147  10:35  Supply Depot, SCV  
  152  10:36  Marauder  
  152  10:41  Refinery  
  152  10:42  Marine x2, Marauder  
  154  10:43  Supply Depot x2  
  154  10:49  Marine  
  156  10:54  Supply Depot  
  156  10:56  Marauder  
  158  11:06  Marine x2, Marauder  
  158  11:07  Marauder  
  163  11:12  Liberator x2  
  163  11:15  Marine  
  163  11:16  Marine  
  163  11:18  Marauder  
  167  11:24  Marine x2  
  169  11:28  Marauder x2  
  179  11:33  Marine  
  179  11:34  Marine  
  179  11:40  Barracks  
  179  11:42  Barracks  
  179  11:45  Marine, Marauder  
  182  11:49  Marauder  
  182  11:52  Marauder  
  175  11:55  Liberator  
  175  11:56  Widow Mine  
  162  12:03  Marine x2  
  162  12:06  Marauder  
  161  12:10  Marine x2  
  161  12:11  Widow Mine  
  144  12:27  Marine x2, Marauder x2  
  74  14:04  Widow Mine x2  
  74  14:05  Orbital Command  
  76  14:33  Widow Mine x2, Raven  
  79  14:50  Marauder x2  
  83  14:53  Marine x2  
  85  15:03  Marine x3  
  88  15:10  Marine  
  89  15:16  Marine x2  
  91  15:34  Marine x5  
  95  15:43  Marine x3  
  98  15:50  Liberator  
  98  15:51  Marine  
  98  15:52  Marine x2  
  89  16:23  Marine x2  
  90  16:40  Marine x3  

Tags
 
Add a new tag
Caveats
  • Supply blocks, unpowered buildings, or Contaminate may cause inaccurate times.
  • Supply counts are checked every 10 seconds.